 Dungeon Crawl Stone Soup version 0.29.1-1-gd02db6906a (webtiles) character file.

Game seed: 3369904536808174225

17 Icepheonix32 the Caller (level 2, -1/19 HPs)
             Began as a Merfolk Summoner on Oct 7, 2022.
             Slain by an adder (3 damage)
             ... on level 2 of the Dungeon.
             The game lasted 00:02:07 (1762 turns).

Icepheonix32 the Caller (Merfolk Summoner)          Turns: 1762, Time: 00:02:08

Health: -1/19      AC:  2    Str:  8    XL:     2   Next: 62%
Magic:  4/5        EV: 12    Int: 14    God:
Gold:   33         SH:  0    Dex: 14    Spells: 2/5 levels left

rFire   . . .      SeeInvis .   c - +0 short sword
rCold   . . .      Faith    .   (no shield)
rNeg    . . .      Spirit   .   a - +0 robe
rPois   .          Reflect  .   (no helmet)
rElec   .          Harm     .   (no cloak)
rCorr   .          Rampage  .   (no gloves)
Will    .....                   (no boots)
Stlth   ++........              (no amulet)
HPRegen 0.06/turn               (no ring)
MPRegen 0.09/turn               (no ring)

@: brilliant
A: (nimble swimmer 2), mertail
a: no special abilities


You were on level 2 of the Dungeon.
You visited 1 branch of the dungeon, and saw 2 of its levels.

You collected 33 gold pieces.

Inventory:

Hand Weapons
 c - a +0 short sword (weapon)
Armour
 a - a +0 robe (worn)
Jewellery
 f - a ring of fire
Scrolls
 d - a scroll of identify {unknown}
 e - a scroll of fear {unknown}
 g - a scroll of summoning {unknown}
Potions
 b - a potion of magic


   Skills:
 - Level 2.6 Dodging
 - Level 2.1 Stealth
 - Level 2.0 Spellcasting
 + Level 4.7 Summonings


You had 2 spell levels left.
You knew the following spells:

 Your Spells              Type           Power      Damage    Failure   Level
a - Summon Small Mammal   Summ           84%        N/A       3%          1
b - Call Imp              Summ           21%        N/A       5%          2

Your spell library contained the following spells:

 Spells                   Type           Power      Damage    Failure   Level
 Shock                    Conj/Air       8%         1d3       24%         1
 Call Canine Familiar     Summ           21%        N/A       11%         3
 Summon Guardian Golem    Hex/Summ       12%        N/A       26%         3
 Gell's Gravitas          Tloc           2%         N/A       56%         3
 Swiftness                Air            2%         N/A       56%         3
 Teleport Other           Tloc           2%         N/A       56%         3
 Summon Lightning Spire   Summ/Air       12%        N/A       65%         4
 Airstrike                Air            1%         2d(1-17)  93%         4
 Lightning Bolt           Conj/Air       1%         1d12      100%        5
 Dispersal                Tloc           1%         N/A       100%        6


Dungeon Overview and Level Annotations

Branches:
Dungeon (2/15)

Altars:

Shops:
D:1 ?


Innate Abilities, Weirdness & Mutations

((You are very nimble when in or above water. (Stealth+, EV+, Speed+++)))
Your lower body shifts to a powerful aquatic tail in water.


Message History

You barely miss the adder.
You feel sick.
The ball python bites you but does no damage.
The ball python closely misses you. The adder bites you but does no damage.
You closely miss the adder.
You feel sick. The ball python misses you. The ball python barely misses you.
The adder bites you.
* * * LOW HITPOINT WARNING * * *
Your crimson imp hits the adder.
The ball python barely misses you. The ball python closely misses you.
Unknown command.
It was a potion of brilliance.
You feel clever all of a sudden.
You feel sick. The adder closely misses you.
Your crimson imp closely misses the adder.
The ball python bites you.
* * * LOW HITPOINT WARNING * * *
The ball python misses you. The adder barely misses you.
The adder attacks as you move away! The adder closely misses you.
* * * LOW HITPOINT WARNING * * *
You feel sick.
You are no longer poisoned.
Your crimson imp misses the adder.
Your crimson imp misses the ball python.
Casting: Call Imp (safe; 5% risk of failure)
Confirm with . or Enter, or press ? or * to list all spells.
You feel a surge of power!
Your crimson imp blinks!
Your crimson imp closely misses the adder.
The adder bites you but does no damage.
The ball python closely misses your crimson imp. x2
Your crimson imp closely misses the adder.
Your quokka bites the adder but does no damage.
Your quokka barely misses the adder.
The ball python bites your crimson imp.
The ball python closely misses your crimson imp.
The ball python barely misses your crimson imp.
The ball python completely misses your crimson imp.
Your crimson imp closely misses the ball python.
You hit the adder.
The adder is moderately wounded.
The adder bites you.
You die...

#.##.#### # #....#
### # +....+
..#.####....#
###.#.#.......#
.... #.#.....#
#.###.#.#####
..#######)....#...#
..........S5rS@##.
........######.# .#
........# #.# .
........+ ... ..
........# #+##
........# .......##
####..>


You could see an adder (ally target), a ball python (ally target), a friendly
crimson imp (summoned) and a friendly quokka (summoned).

Vanquished Creatures
  A ball python (D:1)
  An endoplasm (D:1)
  2 giant cockroaches (D:1)
  2 goblins (D:1)
  A quokka (D:1)
  A bat (D:1)
  3 kobolds
  A rat (D:1)
12 creatures vanquished.

Vanquished Creatures (collateral kills)
  2 kobolds (D:1)
  A quokka (D:1)
3 creatures vanquished.

Grand Total: 15 creatures vanquished

Notes
Turn   | Place    | Note
-------+----------+-------------------------------------------
     0 | D:1      | Icepheonix32 the Merfolk Summoner began the quest for the
                  | Orb.
     0 | D:1      | Reached XP level 1. HP: 13/13 MP: 3/3
   333 | D:1      | Reached XP level 2. HP: 9/19 MP: 5/5
   514 | D:1      | Found Tijibeang's Magic Scroll Emporium.
  1129 | D:1      | Learned a level 2 spell: Call Imp
  1278 | D:1      | Found a faded altar of an unknown god.
  1762 | D:2      | Slain by an adder

Illustrated notes

Levels and vault maps discovered:
D:1:      dpeg_arrival_oval, layout_loops_ring, serial_shops, shop_fountains,
          hellmonk_ecumenical_altar_defaced_shrine, minmay_3d_cube
D:2:      layout_basic, minmay_ruptured

Action                   || total
-------------------------++-------
Melee: Short sword       ||    47
       Unarmed           ||     1
 Cast: Summon Small Mamm ||     5
       Call Imp          ||     4
  Use: Potion            ||     1
 Stab: Sleeping          ||     3
Armor: Robe              ||    12
Dodge: Dodged            ||    45
